 Dungeon Crawl Stone Soup version 0.26-a0-962-g9b92081034 (webtiles) character file.

Game seed: 17418523819043400370

231 KristoblXynda the Slasher (level 5, -7/69 HPs)
             Began as a Draconian Gladiator on Dec 2, 2020.
             Killed by divine providence
             ... invoked by an orc priest
              (12 damage)
             ... on level 3 of the Dungeon.
             The game lasted 00:04:37 (2911 turns).

KristoblXynda the Slasher (Draconian Gladiator)     Turns: 2911, Time: 00:04:38

Health: -7/69      AC:  4    Str: 16    XL:     5   Next: 72%
Magic:  5/5        EV: 13    Int:  9    God:
Gold:   238        SH:  0    Dex: 13    Spells: 4/4 levels left

rFire    . . .     SeeInvis .   e - +2 dagger (venom)
rCold    . . .     Faith    .   (no shield)
rNeg     . . .     Spirit   .   (armour unavailable)
rPois    .         Reflect  .   b - +0 hat
rElec    .         Harm     .   (no cloak)
rCorr    .         Rampage  .   (no gloves)
MR       .....                  l - -2 pair of boots (curse)
Stlth    ..........             (no amulet)
HPRegen  0.21/turn              (no ring)
MPRegen  0.09/turn              (no ring)

@: berserking, very quick
A: unfitting armour, cold-blooded, AC +5
a: no special abilities


You were on level 3 of the Dungeon.
You visited 1 branch of the dungeon, and saw 3 of its levels.

You collected 238 gold pieces.

Inventory:

Hand Weapons
 a - a +0 long sword
 e - a +2 dagger of venom (weapon)
 o - a +1 falchion of holy wrath
Missiles
 c - 3 throwing nets (quivered)
Armour
 b - a +0 hat (worn)
 f - a +0 buckler
 l - a cursed -2 pair of boots (worn)
Scrolls
 h - a scroll of immolation {unknown}
 m - 2 scrolls of blinking {unknown}
 p - a scroll of remove curse {unknown}
Potions
 d - 2 potions of mutation
 g - a potion of resistance {unknown}
 i - 2 potions of haste
 j - a potion of invisibility {unknown}


   Skills:
 + Level 3.6 Fighting
 * Level 5.0 Long Blades
 - Level 2.0 Throwing
 + Level 3.7 Dodging


You had 4 spell levels left.
You didn't know any spells.
Your spell library was empty.

Dungeon Overview and Level Annotations

Branches:
Dungeon (3/15)

Altars:
Trog
Uskayaw

Annotations:
D:3 Sigmund


Innate Abilities, Weirdness & Mutations

Your plain brown scales are hard. (AC +5)
You cannot fit into any form of body armour.
You are cold-blooded and may be slowed by cold attacks.


Message History

You feel yourself moving faster!
You feel mighty!
The orc priest hits you with a +0 short sword.
* * * LOW HITPOINT WARNING * * *
The goblin barely misses you.
The orc priest miscasts a cantrip.
The orc hits you but does no damage. The orc closely misses you.
You closely miss the orc priest.
Your tail-slap misses the orc priest.
The orc priest hits you with a +0 short sword.
* * * LOW HITPOINT WARNING * * *
The goblin hits you but does no damage.
Unknown command.
You puncture the orc priest!
The orc priest is heavily wounded.
The orc hits you with a +0 club.
* * * LOW HITPOINT WARNING * * *
The orc hits you with a +0 club.
* * * LOW HITPOINT WARNING * * *
The orc priest mumbles some strange prayers to Beogh against you.
Beogh smites you!
You die...

####### .##.....##
.........## ......g...#
......o@o.# .....roo..#
.......o..#
..........##
........)..###
.........#)..#####
.#......####.....######
#.###### #..........# #
#..........#


You could see 3 orc priests, 2 orcs, a goblin and a rat.

Vanquished Creatures
  Ijyb (D:3)
  Robin (D:3)
  4 gnolls
  7 adders
  An ooze (D:2)
  A worm (D:2)
  3 dart slugs
  2 leopard geckos
  An orc (D:3)
  2 giant cockroaches (D:2)
  16 goblins
  12 hobgoblins
  5 quokkas
  6 bats
  4 frilled lizards
  7 kobolds
  8 rats
81 creatures vanquished.

Vanquished Creatures (others)
  5 fungi (D:2)
  3 toadstools (D:2)
8 creatures vanquished.

Grand Total: 89 creatures vanquished

Notes
Turn   | Place    | Note
-------+----------+-------------------------------------------
     0 | D:1      | KristoblXynda the Draconian Gladiator began the quest for
                  | the Orb.
     0 | D:1      | Reached XP level 1. HP: 17/17 MP: 1/1
   183 | D:1      | Reached XP level 2. HP: 22/25 MP: 2/2
   635 | D:1      | Reached XP level 3. HP: 30/30 MP: 3/3
   964 | D:2      | Found a hide-covered altar of Uskayaw.
  1180 | D:2      | Reached skill level 4 in Long Blades
  1232 | D:2      | Reached XP level 4. HP: 37/37 MP: 4/4
  1651 | D:2      | Found a bloodstained altar of Trog.
  1930 | D:3      | Noticed Robin
  1940 | D:3      | Reached XP level 5. HP: 41/45 MP: 5/5
  1950 | D:3      | Killed Robin
  2440 | D:3      | Noticed Sigmund
  2472 | D:3      | Noticed Ijyb
  2537 | D:3      | Killed Ijyb
  2714 | D:3      | Reached skill level 5 in Long Blades
  2911 | D:3      | Killed from afar by an orc priest

Illustrated notes

Levels and vault maps discovered:
D:1:      minmay_arrival_stair_chambers, layout_basic
D:2:      layout_basic, overflow_temple_1_default, old_standard_altar,
          minivault_25, minmay_gold_behind_fungi, kennysheep_generic_room_6
D:3:      layout_rooms, uniq_robin, uniq_sigmund, uniq_ijyb

Skill      XL: |  1  2  3  4  5 |
---------------+----------------+-----
Throwing       | 2 |  2.0
Dodging        | 3 |  3.7
Long Blades    | 4 5 |  5.0
Fighting       | 3 |  3.6

Action                   |  1- 3 |  4- 6 || total
-------------------------+-------+-------++-------
Melee: Long sword        |    70 |   125 ||   195
       Tailslap          |     3 |    22 ||    25
       Unarmed           |       |     9 ||     9
       Dagger            |       |     6 ||     6
  Use: Potion            |       |     3 ||     3
       Scroll            |       |     2 ||     2
 Stab: Sleeping          |     1 |     2 ||     3
Armor: Skin              |    14 |    35 ||    49
Dodge: Dodged            |    53 |   107 ||   160
       Rpst.: Long sword |    19 |    31 ||    50

Table legend: (Time is in decaauts)
 A = Elapsed time spent in this place.
 B = Non-inter-level travel time spent in this place.
 C = Inter-level travel time spent in this place.
 D = Time resting spent in this place.
 E = Time spent auto-exploring this place.
 F = Levels seen in this place.
 G = Mean time per level.
                   A        B        C        D        E       F      G
               +--------+--------+--------+--------+--------+-----+--------+
         Total |   2940 |   2880 |     60 |    763 |   1455 |   3 |  980.0 |
       Dungeon |   2940 |   2880 |     60 |    763 |   1455 |   3 |  980.0 |
               +--------+--------+--------+--------+--------+-----+--------+

Top non-repeatable levels by time:
     D:3: 1113 daAuts
     D:2: 957 daAuts
     D:1: 870 daAuts
